Map: 乌雷纳

Players

shengy - Winner!

  • Race: Zerg Zerg
  • League: Gold

littleguy

  • Race: Zerg Zerg
  • League: Gold

VOD

Have the link to the VOD?

Description

Time

  • Played on: Nov. 24, 2015, 10:58 p.m.
  • Length: 15:24
Show
View Real Time Build Order
Export as new Build Order

shengy Zerg - Winner!

Build Orders: Pool First, Lurkers 

Get SALT Encoding   

  12  0:01  Drone  
  13  0:08  Drone  
  14  0:17  Overlord  
  14  0:38  Drone  
  14  0:39  Spawning Pool  
  14  0:41  Drone  
  15  0:50  Drone x2  
  17  0:58  Extractor  
  17  1:00  Drone  
  17  1:11  Drone  
  18  1:23  Hatchery  
  17  1:30  Queen  
  19  1:36  Zergling x2  
  20  1:42  Drone  
  20  1:43  Drone  
  22  2:04  Overlord  
  22  2:14  Overlord  
  22  2:22  Queen  
  24  2:23  Drone  
  25  2:34  Drone  
  26  2:41  Drone x3  
  26  2:42  Drone x2  
  26  2:43  Metabolic Boost  
  31  2:52  Drone x2  
  33  3:04  Drone x2  
  34  3:15  Hatchery  
  34  3:19  Zergling x6  
  36  3:25  Zergling x2  
  37  3:29  Zergling x2  
  38  3:37  Extractor  
  38  3:40  Drone x3  
  38  3:41  Roach Warren  
  39  3:55  Zergling x8  
  43  4:04  Overlord x2  
  43  4:05  Overlord  
  43  4:23  Lair  
  43  4:25  Drone x3  
  43  4:26  Extractor  
  43  4:27  Drone x4  
  51  4:38  Drone x4  
  51  4:39  Drone x4  
  56  5:02  Queen  
  58  5:08  Extractor  
  57  5:14  Drone, Evolution Chamber  
  57  5:15  Evolution Chamber, Drone x2  
  57  5:19  Drone x6  
  63  5:31  Roach  
  63  5:32  Roach x2  
  69  5:39  Spine Crawler  
  69  5:41  Spine Crawler  
  69  5:42  Spine Crawler, Roach x2  
  72  5:43  Roach  
  72  5:47  Overlord  
  72  5:48  Spine Crawler, Overlord x2  
  71  5:52  Zerg Missile Weapons Level 1, Zerg Ground Armor Level 1  
  71  6:02  Ravager x2  
  73  6:07  Ravager  
  73  6:09  Ravager  
  75  6:18  Overlord x3  
  75  6:23  Hydralisk Den  
  75  6:24  Drone x2  
  75  6:25  Drone x2  
  78  6:28  Drone x3  
  78  6:29  Extractor  
  80  6:34  Hatchery  
  79  6:44  Drone x2  
  79  6:45  Drone x7  
  79  6:46  Drone  
  89  6:57  Overseer  
  89  7:01  Drone x2  
  89  7:02  Drone x6  
  89  7:06  Lurker Den  
  89  7:07  Glial Reconstitution  
  97  7:13  Drone, Extractor  
  97  7:22  Infestation Pit  
  96  7:28  Hatchery  
  95  7:33  Hatchery  
  94  7:38  Roach  
  94  7:39  Roach x6  
  94  7:40  Roach  
  110  7:52  Overseer  
  110  8:01  Hydralisk x6  
  110  8:02  Hydralisk x3  
  128  8:06  Zerg Missile Weapons Level 2  
  128  8:28  Tunneling Claws  
  128  8:30  Burrow  
  128  8:36  Extractor  
  128  8:39  Hydralisk  
  128  8:40  Extractor, Overlord x3  
  128  8:41  Overlord  
  128  8:42  Lurker  
  128  8:43  Lurker x4  
  123  9:24  Lurker x4  
  123  9:28  Overlord  
  123  9:29  Overlord x2  
  123  9:30  Zergling x2  
  126  9:31  Zergling x6  
  126  9:32  Zergling x18  
  126  9:33  Zergling x20  
  126  9:34  Zergling x2  
  126  9:38  Hive  
  149  9:42  Baneling Nest  
  148  9:47  Drone x3  
  148  9:48  Drone x3  
  148  9:50  Zerg Ground Armor Level 2  
  154  9:53  Muscular Augments  
  154  10:28  Overseer  
  154  10:33  Baneling  
  154  10:34  Baneling x4  
  154  10:35  Baneling x10  
  154  10:36  Baneling x10  
  154  10:37  Baneling x9  
  154  10:38  Baneling x4  
  154  10:39  Baneling  
  154  10:40  Baneling  
  154  11:30  Viper x2  
  154  11:31  Viper x3  
  169  11:39  Queen  
  171  12:13  Zerg Missile Weapons Level 3, Zerg Ground Armor Level 3  
  171  12:17  Roach x9  
  171  12:19  Extractor x2  
  171  12:20  Hatchery  
  168  12:28  Hydralisk  
  170  12:30  Hydralisk  
  170  12:31  Hydralisk x5  
  170  12:32  Hydralisk x6  
  170  12:35  Overlord x3  
  194  12:41  Centrifical Hooks  
  194  12:43  Pathogen Glands  
  96  14:07  Zergling x2  
  96  14:08  Zergling x8  
  96  14:09  Zergling x20  
  107  14:10  Zergling x20  
  107  14:11  Zergling x20  
  107  14:12  Zergling x12  
  126  14:26  Ultralisk Cavern  
  119  14:36  Drone x2  
  119  14:37  Drone  
  119  14:46  Drone x5  
  119  14:47  Drone  
  125  14:56  Overseer  
Show
View Real Time Build Order
Export as new Build Order

littleguy Zerg 

Build Orders: Pool First, Lurkers 

Get SALT Encoding   

  12  0:05  Drone  
  13  0:09  Drone  
  14  0:17  Overlord  
  14  0:37  Drone  
  14  0:38  Drone  
  14  0:41  Drone  
  17  0:52  Spawning Pool  
  17  0:53  Drone  
  17  1:15  Hatchery  
  17  1:18  Drone  
  17  1:21  Extractor  
  17  1:24  Drone x2  
  18  1:34  Drone  
  18  1:38  Queen  
  21  1:44  Overlord  
  21  1:59  Zergling x2  
  22  2:08  Drone  
  23  2:27  Hatchery  
  22  2:37  Queen  
  22  2:38  Drone x2  
  26  2:48  Overlord x2  
  26  2:50  Zergling x2  
  27  2:52  Extractor  
  27  2:57  Spine Crawler  
  25  3:15  Spine Crawler  
  25  3:17  Drone x3  
  28  3:24  Lair  
  28  3:30  Roach Warren  
  28  3:31  Drone  
  28  3:44  Drone  
  28  3:51  Queen  
  28  3:53  Drone x2  
  32  3:56  Zergling x2  
  32  3:57  Zergling x2  
  32  3:59  Drone  
  32  4:00  Drone  
  36  4:12  Spine Crawler  
  36  4:17  Roach x3  
  39  4:23  Roach  
  42  4:29  Roach x2  
  44  4:42  Overlord x2  
  42  4:58  Drone  
  43  5:03  Hydralisk Den  
  42  5:07  Roach x2  
  42  5:08  Roach  
  48  5:17  Drone  
  48  5:18  Drone x2  
  48  5:20  Drone x2  
  53  5:21  Roach x2  
  53  5:23  Overlord  
  57  5:31  Drone x2  
  57  5:34  Overlord  
  59  5:35  Extractor  
  58  5:51  Hydralisk x2  
  58  5:52  Hydralisk  
  58  5:56  Hydralisk  
  64  6:00  Overlord x2  
  66  6:10  Evolution Chamber  
  65  6:14  Lurker Den  
  65  6:20  Drone x2  
  65  6:21  Drone x2  
  69  6:33  Hydralisk  
  71  6:40  Hydralisk x2  
  75  7:03  Hydralisk x4  
  75  7:05  Overlord  
  83  7:17  Extractor  
  82  7:33  Roach x2  
  82  7:34  Roach x2  
  90  7:42  Lurker  
  91  7:47  Overlord  
  91  7:53  Spore Crawler  
  90  8:00  Lurker  
  91  8:11  Lurker  
  91  8:12  Lurker  
  93  8:13  Hydralisk x2  
  93  8:16  Overlord x2  
  97  8:27  Zerg Missile Weapons Level 1  
  97  8:38  Overseer  
  99  8:48  Roach  
  99  8:49  Roach x4  
  103  9:26  Hydralisk x3  
  109  9:34  Hydralisk, Roach  
  109  9:35  Hydralisk  
  109  9:37  Overlord x4  
  115  10:03  Hydralisk x5  
  125  10:08  Muscular Augments  
  125  10:13  Roach x3  
  131  10:22  Zerg Ground Armor Level 1  
  131  10:49  Spire  
  130  11:03  Lurker x2  
  129  11:04  Lurker  
  130  11:15  Overlord  
  130  11:16  Overlord x2  
  130  11:22  Overseer  
  130  11:48  Hydralisk x3  
  130  11:49  Hydralisk x6  
  148  12:01  Overlord  
  148  12:02  Overlord  
  148  12:19  Mutalisk x3  
  154  12:28  Zerg Missile Weapons Level 2  
  154  12:42  Roach  
  156  13:09  Corruptor  
  156  13:10  Corruptor x2  
  162  13:14  Corruptor  
  89  13:43  Hydralisk  
  89  13:44  Hydralisk x2  
  84  13:55  Hydralisk  
  62  13:59  Hydralisk x2  
  62  14:00  Hydralisk  
  54  14:37  Corruptor x3  
  58  15:05  Lurker  
Tags
 
Add a new tag
Caveats
  • Supply blocks, unpowered buildings, or Contaminate may cause inaccurate times.
  • Supply counts are checked every 10 seconds.